 Dungeon Crawl Stone Soup version 0.31.0-11-ge490571c62 (webtiles) character file.

Game seed: 12780143407273277137

6215 Ashen the Covert (level 10, -1/76 HPs)
             Began as a Gnoll Enchanter on Feb 3, 2024.
             Was a Priest of Uskayaw.
             Slain by a kobold
             ... wielding a +0 dagger
              (2 damage)
             ... on level 9 of the Dungeon.
             The game lasted 00:31:56 (11603 turns).

Ashen the Covert (Gnoll Enchanter)                 Turns: 11603, Time: 00:31:59

Health: -1/76      AC:  2    Str:  8    XL:     10   Next: 92%
Magic:  11/21      EV: 16    Int: 15    God:    Uskayaw [***...]
Gold:   391        SH:  0    Dex: 16    Spells: 1/24 levels left

rFire   + . .        p - +1 dagger (speed)
rCold   . . .        (no shield)
rNeg    . . .        D - +0 robe {Will+}
rPois   .            (no helmet)
rElec   .            (no cloak)
rCorr   .            (no gloves)
SInv    .            (no boots)
Will    +....        r - amulet of faith
Stlth   ++++         y - ring of protection from fire
HPRegen 0.32/turn    (no ring)
MPRegen 0.17/turn

%: faith
@: no status effects
A: fangs 1, strong nose, distributed training
a: Renounce Religion, Stomp, Line Pass


You were on level 9 of the Dungeon.
You worshipped Uskayaw.
Uskayaw was noncommittal.
You visited 2 branches of the dungeon, and saw 10 of its levels.
You also visited: Sewer.

You collected 391 gold pieces.

Inventory:

Hand Weapons
 p - a +1 dagger of speed (weapon)
 s - a +0 double sword
 J - a +5 dagger
Missiles
 m - 18 poisoned darts (quivered)
Armour
 b - a +0 robe
 D - a +0 robe of willpower (worn)
Jewellery
 r - an amulet of faith (around neck)
 y - a ring of protection from fire (left hand)
 H - a ring of protection from fire
Wands
 a - a wand of charming (9)
 c - a wand of acid (2)
 E - a wand of digging (8)
 F - a wand of iceblast (1)
Scrolls
 d - 2 scrolls of enchant armour {unknown}
 i - 2 scrolls of brand weapon {unknown}
 j - a scroll of revelation {unknown}
 k - 3 scrolls of vulnerability {unknown}
 o - a scroll of noise {unknown}
 q - 6 scrolls of identify {unknown}
 t - 2 scrolls of amnesia {unknown}
 v - 2 scrolls of blinking {unknown}
 w - 5 scrolls of teleportation {unknown}
 z - a scroll of enchant weapon {unknown}
 A - 3 scrolls of summoning {unknown}
 B - 3 scrolls of immolation {unknown}
 C - a scroll of silence {unknown}
Potions
 e - 4 potions of attraction {unknown}
 f - 3 potions of haste {unknown}
 g - 4 potions of enlightenment
 h - a potion of berserk rage {unknown}
 l - a potion of curing
 n - a potion of resistance {unknown}
 u - a potion of magic {unknown}
 G - 2 potions of ambrosia {unknown}
 I - a potion of might {unknown}


   Skills:
 + Level 5.9 Fighting
 + Level 6.5 Short Blades
 + Level 5.9 Long Blades
 + Level 5.9 Axes
 + Level 5.9 Maces & Flails
 + Level 5.9 Polearms
 + Level 5.9 Staves
 + Level 5.9 Ranged Weapons
 + Level 5.9 Throwing
 + Level 5.9 Armour
 + Level 7.6 Dodging
 + Level 8.5 Stealth
 + Level 5.9 Shields
 + Level 5.9 Unarmed Combat
 + Level 7.8 Spellcasting
 + Level 4.9 Conjurations
 + Level 7.4 Hexes
 + Level 4.9 Summonings
 + Level 4.9 Necromancy
 + Level 4.9 Translocations
 + Level 4.9 Fire Magic
 + Level 4.9 Ice Magic
 + Level 4.9 Air Magic
 + Level 4.9 Earth Magic
 + Level 4.9 Alchemy
 + Level 6.5 Invocations
 + Level 5.9 Evocations
 + Level 5.4 Shapeshifting


You had one spell level left.
You knew the following spells:

 Your Spells              Type           Power      Damage    Failure   Level
a - Ensorcelled Hibernat  Hex/Ice        48%        N/A       1%          2
b - Confusing Touch       Hex            28%        N/A       1%          3
c - Tukima's Dance        Hex            28%        N/A       1%          3
d - Dazzling Flash        Conj/Hex       48%        N/A       2%          3
e - Yara's Violent Unrav  Hex/Alch       12%        3d7       26%         5
f - Enfeeble              Hex            14%        N/A       99%         7

Your spell library contained the following spells:

 Spells                   Type           Power      Damage    Failure   Level
 Apportation              Tloc           40%        N/A       1%          1
 Necrotise                Necr           80%        1d8       1%          1
 Sting                    Conj/Alch      80%        1d8       1%          1
 Summon Small Mammal      Summ           80%        N/A       1%          1
 Jinxbite                 Hex            56%        N/A       1%          2
 Cigotuvi's Dreadful Rot  Necr/Alch/Air  40%        N/A       2%          2
 Mercury Vapours          Alch/Air       40%        N/A       2%          2
 Ignite Poison            Fire/Alch      20%        N/A       16%         4
 Freezing Cloud           Conj/Ice/Air   10%        6-21      41%         5


Dungeon Overview and Level Annotations

Branches:
Dungeon (9/15)             Temple (1/1) D:4           Sewer (visited)
   Lair: D:8-11         Orc: D:9-12

Altars:
Ashenzari
Cheibriados
Dithmenos
Elyvilon
Fedhas
Gozag
Hepliaklqana
Kikubaaqudgha
Makhleb
Nemelex Xobeh
Okawaru
Ru
Sif Muna
Trog
Uskayaw
Vehumet
Wu Jian
Xom
Yredelemnul
Zin
The Shining One

Shops:
D:2 (   D:6 (

Annotations:
D:5 2 transporters


Innate Abilities, Weirdness & Mutations

You have very sharp teeth.
Your uncanny sense of smell can sniff out nearby items.
Your experience applies equally to all skills.


Message History

You closely miss the wyvern. You closely miss the wyvern.
The wyvern is no longer sharing its pain.
The kobold brigand is no longer sharing its pain.
The orc wizard is no longer sharing its pain.
The orc wizard mumbles some strange words.
The orc wizard flickers and vanishes!
Deactivating autopickup; reactivate with Ctrl-A.
The wyvern closely misses you.
Unknown command.
You barely miss the wyvern. The wyvern bites you!
* * * LOW HITPOINT WARNING * * *
Unknown command.
You closely miss the wyvern. You bite the wyvern, but do no damage.
Something hits you but does no damage.
The kobold throws a poisoned dart.
The poisoned dart closely misses you. The kobold barely misses you.
You completely miss the wyvern.
You catch the helpless wyvern completely off-guard!
You impale the wyvern!!
The wyvern is almost dead.
The wyvern is no longer blind.
The orc is no longer sharing its pain.
The kobold brigand closely misses you. Something hits you.
* * * LOW HITPOINT WARNING * * *
The kobold hits you but does no damage. The wyvern bites you!
* * * LOW HITPOINT WARNING * * *
Uskayaw will force your foes to helplessly watch your dance.
You feel much better. The wyvern bites you!
* * * LOW HITPOINT WARNING * * *
The kobold brigand hits you with a +0 short sword.
* * * LOW HITPOINT WARNING * * *
Something hits you but does no damage. The kobold hits you with a +0 dagger.
* * * LOW HITPOINT WARNING * * *
Unknown command.
You feel better. The wyvern closely misses you.
The kobold brigand hits you with a +0 short sword.
* * * LOW HITPOINT WARNING * * *
Something hits you.
* * * LOW HITPOINT WARNING * * *
The kobold hits you with a +0 dagger.
You die...

###.# #..) #.... #...
#.K... #...
###.K..K#### ##...
...K.K.K...# #..)#
..### #).# ##)###
...##)#########..###
##K#{K##.......)[.##
#ok@KK............##
#...######..........#
# #.. #..........# #
... ####..###### ###
###..## #....# #.##.#
#. #.# .. #.#


You could see a wyvern, a kobold brigand, an orc (blind, unable to see you) and
3 kobolds.

Vanquished Creatures
  3 two-headed ogres (D:9)
  Pikel (D:4)
  Eustachio (D:4)
  A wyvern (D:8)
  3 steam dragons
  Menkaure (D:7)
  An ice beast (D:7)
  3 orc warriors
  A black bear (D:7)
  3 sky beasts
  An ogre (D:6)
  2 centaurs
  4 lemures
  2 kobold brigands
  A phantom (D:5)
  6 scorpions
  2 bullfrogs
  3 wights (D:8)
  2 howler monkeys (D:6)
  3 hounds
  3 bombardier beetles
  7 orc priests
  2 jellies
  Jessica (D:2)
  3 iguanas
  2 sleepcaps
  Terence (D:2)
  Natasha (thrice) (D:2)
  10 orc wizards
  6 adders
  3 gnolls (D:7)
  A river rat (Sewer)
  3 shadow imps
  A white imp (D:6)
  4 ribbon worms
  5 dart slugs
  42 orcs
  8 endoplasms
  13 giant cockroaches
  3 goblins
  7 hobgoblins
  8 jackals
  12 quokkas
  10 ball pythons
  11 bats
  3 frilled lizards
  15 kobolds
  5 rats
236 creatures vanquished.

Vanquished Creatures (collateral kills)
  A wight (D:9)
  An orc priest (D:9)
  An orc (D:8)
3 creatures vanquished.

Vanquished Creatures (others)
  6 dancing weapons
  A kobold (D:7)
7 creatures vanquished.

Grand Total: 246 creatures vanquished

Notes
Turn   | Place    | Note
-------+----------+-------------------------------------------
     0 | D:1      | Ashen the Gnoll Enchanter began the quest for the Orb.
     0 | D:1      | Reached XP level 1. HP: 13/13 MP: 6/6
   154 | D:1      | Reached XP level 2. HP: 19/19 MP: 7/7
   160 | D:1      | Learned a level 2 spell: Ensorcelled Hibernation
   399 | D:1      | Found a faded altar of an unknown god.
   505 | D:2      | Found Lucushom's Weapon Shop.
   509 | D:2      | Reached skill level 5 in Spellcasting
   509 | D:2      | Reached XP level 3. HP: 25/25 MP: 5/9
   602 | D:1      | Learned a level 3 spell: Confusing Touch
   606 | D:1      | Learned a level 3 spell: Tukima's Dance
   610 | D:1      | Learned a level 3 spell: Dazzling Flash
   621 | D:2      | Reached skill level 6 in Stealth
   726 | D:2      | Reached skill level 1 in Invocations
   955 | D:2      | Noticed Jessica
   962 | D:2      | Killed Jessica
   963 | D:2      | Reached skill level 1 in Fighting
   963 | D:2      | Reached skill level 1 in Long Blades
   963 | D:2      | Reached skill level 1 in Axes
   963 | D:2      | Reached skill level 1 in Maces & Flails
   963 | D:2      | Reached skill level 1 in Polearms
   963 | D:2      | Reached skill level 1 in Staves
   963 | D:2      | Reached skill level 1 in Ranged Weapons
   963 | D:2      | Reached skill level 1 in Throwing
   963 | D:2      | Reached skill level 1 in Armour
   963 | D:2      | Reached skill level 1 in Shields
   963 | D:2      | Reached skill level 1 in Unarmed Combat
   963 | D:2      | Reached skill level 1 in Evocations
   963 | D:2      | Reached skill level 1 in Shapeshifting
   963 | D:2      | Reached XP level 4. HP: 32/32 MP: 8/11
   994 | D:2      | Noticed Terence
  1001 | D:2      | Killed Terence
  1002 | D:2      | Reached skill level 1 in Conjurations
  1002 | D:2      | Reached skill level 1 in Summonings
  1002 | D:2      | Reached skill level 1 in Necromancy
  1002 | D:2      | Reached skill level 1 in Translocations
  1002 | D:2      | Reached skill level 1 in Fire Magic
  1002 | D:2      | Reached skill level 1 in Ice Magic
  1002 | D:2      | Reached skill level 1 in Air Magic
  1002 | D:2      | Reached skill level 1 in Earth Magic
  1002 | D:2      | Reached skill level 1 in Alchemy
  1103 | D:2      | Noticed Natasha
  1111 | D:2      | Killed Natasha
  1112 | D:2      | Reached XP level 5. HP: 35/37 MP: 7/12
  1206 | D:2      | Noticed Natasha
  1212 | D:2      | Killed Natasha
  1360 | D:2      | Noticed Natasha
  1392 | D:2      | Found Lucushom's Weapon Shop.
  1526 | D:2      | Killed Natasha
  2043 | D:3      | Found a glowing drain.
  2072 | Sewer    | Entered a sewer
  2084 | Sewer    | Reached XP level 6. HP: 43/44 MP: 8/13
  2239 | Sewer    | Reached skill level 5 in Dodging
  2297 | Sewer    | Found a white marble altar of Elyvilon.
  2851 | D:3      | Found a basalt altar of Yredelemnul.
  3091 | D:3      | Found a glowing silver altar of Zin.
  3549 | D:4      | Noticed Pikel
  3608 | D:4      | Found a staircase to the Ecumenical Temple.
  3618 | Temple   | Entered the Ecumenical Temple
  3980 | D:4      | Reached XP level 7. HP: 51/51 MP: 10/15
  4374 | D:4      | Noticed Eustachio
  4513 | D:4      | Killed Eustachio
  4845 | D:4      | Reached XP level 8. HP: 48/58 MP: 13/16
  5265 | D:4      | Killed Pikel
  5266 | D:4      | Reached skill level 7 in Stealth
  5656 | D:5      | Entered Level 5 of the Dungeon
  5991 | D:5      | Found a bloodstained altar of Trog.
  6214 | D:5      | Reached XP level 9. HP: 65/65 MP: 18/18
  6296 | D:5      | Found a shimmering blue altar of Sif Muna.
  6304 | D:5      | Got Sif Muna's Omnibus of Distillation
  6506 | D:5      | Identified the +3 ring mail "Nelucs" {*Slow rPois rF-
                  | Int+8}
  6512 | D:5      | Found a transporter.
  6512 | D:5      | Found a transporter.
  7116 | D:6      | Reached skill level 5 in Short Blades
  7433 | D:6      | Found a hide-covered altar of Uskayaw.
  7473 | D:6      | Became a worshipper of Uskayaw the Reveller
  7578 | D:6      | Reached * piety under Uskayaw
  7581 | D:6      | Reached ** piety under Uskayaw
  7598 | D:6      | Reached *** piety under Uskayaw
  7788 | D:6      | Found Vikh's Weapon Shoppe.
  8295 | D:7      | Reached **** piety under Uskayaw
  8296 | D:7      | Reached skill level 5 in Invocations
  8586 | D:7      | Noticed Menkaure
  8607 | D:7      | Killed Menkaure
  8829 | D:7      | HP: 2/67 [sleepcap (3)]
  9314 | D:7      | Reached skill level 5 in Fighting
  9314 | D:7      | Reached skill level 5 in Long Blades
  9314 | D:7      | Reached skill level 5 in Axes
  9314 | D:7      | Reached skill level 5 in Maces & Flails
  9314 | D:7      | Reached skill level 5 in Polearms
  9314 | D:7      | Reached skill level 5 in Staves
  9314 | D:7      | Reached skill level 5 in Ranged Weapons
  9314 | D:7      | Reached skill level 5 in Throwing
  9314 | D:7      | Reached skill level 5 in Armour
  9314 | D:7      | Reached skill level 5 in Shields
  9314 | D:7      | Reached skill level 5 in Unarmed Combat
  9314 | D:7      | Reached skill level 5 in Evocations
  9314 | D:7      | Reached XP level 10. HP: 46/74 MP: 13/20
  9601 | D:8      | Found a snail-covered altar of Cheibriados.
  9995 | D:8      | Reached skill level 8 in Stealth
 10001 | D:8      | Learned a level 5 spell: Yara's Violent Unravelling
 10009 | D:8      | Learned a level 7 spell: Enfeeble
 10717 | D:8      | Found a sacrificial altar of Ru.
 10961 | D:9      | Noticed a two-headed ogre
 10982 | D:9      | Killed a two-headed ogre
 10983 | D:9      | Reached skill level 5 in Shapeshifting
 11123 | D:9      | Noticed a two-headed ogre
 11188 | D:9      | Noticed a two-headed ogre
 11211 | D:9      | Killed a two-headed ogre
 11575 | D:9      | Killed a two-headed ogre
 11602 | D:9      | HP: 3/76 [kobold brigand/+0 short sword (2)]
 11603 | D:9      | HP: 1/76 [something (3)]
 11603 | D:9      | Slain by a kobold

Illustrated notes

Levels and vault maps discovered:
D:1:      saegor_arrival_simple_c, layout_basic,
          hellmonk_ecumenical_altar_pennies_from_heaven
D:2:      layout_rooms, serial_shops, shop, uniq_jessica, uniq_terence,
          uniq_natasha
D:3:      layout_basic, mainiacjoe_overflow_alcove_2, amcnicky_altar_gilded,
          gup_sewer_entry_pipe, columned_hall_lemuel
D:4:      layout_layer_cave, minmay_temple_entry_overgrown, minmay_fountain_box,
          st_stairs_9, uniq_eustachio, uniq_pikel
D:5:      layout_basic, nzn_overflow_gifts_of_might_and_magic,
          gammafunk_ghost_gnarly_gnolls
D:6:      layout_basic, nicolae_uskayaw_suspiria, serial_shops, shop,
          minmay_misc_feat_pillars, kennysheep_small_square
D:7:      layout_cave_pools, uniq_menkaure
D:8:      layout_cave_pods, nicolae_ru_the_path_less_chosen,
          mainiacjoe_overflow_boulevard
D:9:      layout_rooms, uniq_erolcha
Temple:   nicolae_temple_ecumenical_triangle

Skill      XL: |  1  2  3  4  5  6  7  8  9 10 |
---------------+-------------------------------+-----
Spellcasting   | 5 6 7 |  7.8
Stealth        | 6 7 8 |  8.5
Invocations    | 1 2 3 4 5 6 |  6.5
Fighting       | 1 2 3 5 |  5.9
Long Blades    | 1 2 3 5 |  5.9
Axes           | 1 2 3 5 |  5.9
Maces & Flails | 1 2 3 5 |  5.9
Polearms       | 1 2 3 5 |  5.9
Staves         | 1 2 3 5 |  5.9
Ranged Weapons | 1 2 3 5 |  5.9
Throwing       | 1 2 3 5 |  5.9
Armour         | 1 2 3 5 |  5.9
Shields        | 1 2 3 5 |  5.9
Unarmed Combat | 1 2 3 5 |  5.9
Evocations     | 1 2 3 5 |  5.9
Shapeshifting  | 1 2 3 4 5 |  5.4
Conjurations   | 1 2 3 4 |  4.9
Summonings     | 1 2 3 4 |  4.9
Necromancy     | 1 2 3 4 |  4.9
Translocations | 1 2 3 4 |  4.9
Fire Magic     | 1 2 3 4 |  4.9
Ice Magic      | 1 2 3 4 |  4.9
Air Magic      | 1 2 3 4 |  4.9
Earth Magic    | 1 2 3 4 |  4.9
Alchemy        | 1 2 3 4 |  4.9
Short Blades   | 3 4 5 6 |  6.5
Dodging        | 5 6 7 |  7.6
Hexes          | 6 7 |  7.4

Action                     |  1- 3 |  4- 6 |  7- 9 | 10-12 || total
---------------------------+-------+-------+-------+-------++-------
  Melee: Dagger            |    68 |   169 |   270 |   209 ||   716
         Bite              |     2 |    16 |    28 |    33 ||    79
         Punch             |       |       |     6 |    17 ||    23
  Throw: Dart              |     4 |       |       |       ||     4
   Cast: Ensorcelled Hiber |    22 |    50 |   101 |    22 ||   195
         Confusing Touch   |       |     2 |    12 |     5 ||    19
         Dazzling Flash    |       |       |     6 |    11 ||    17
         Tukima's Dance    |       |       |       |    19 ||    19
 Invoke: Stomp             |       |       |       |     1 ||     1
  Evoke: Wand              |       |       |     6 |       ||     6
    Use: Potion            |       |       |     5 |     4 ||     9
   Stab: Sleeping          |    19 |    51 |    60 |    12 ||   142
         Distracted        |     1 |     1 |     1 |       ||     3
         Confused          |       |     3 |    11 |     3 ||    17
         Invisible         |       |       |     4 |    10 ||    14
         Paralysed         |       |       |     2 |     9 ||    11
 Armour: Robe              |    38 |    65 |   122 |   116 ||   341
  Dodge: Dodged            |    56 |    81 |   153 |   126 ||   416
